 Dungeon Crawl Stone Soup version 0.29-a0-284-gf9362112df (webtiles) character file.

Game seed: 4671004550832540991

2 sanka the Grave Robber (level 1, 20/20 HPs)
             Began as a Gnoll Wanderer on Mar 14, 2022.
             Was a Plaything of Xom.
             Quit the game on level 1 of the Dungeon.
             The game lasted 00:00:40 (131 turns).

sanka the Grave Robber (Gnoll Wanderer)              Turns: 131, Time: 00:00:40

Health: 20/20      AC:  3    Str: 14    XL:     1   Next: 40%
Magic:  4/4        EV: 11    Int: 11    God:    Xom [..*...]
Gold:   0          SH:  0    Dex:  8    Spells: 3/5 levels left

rFire   . . .      SeeInvis .   a - +1 hand axe
rCold   . . .      Faith    .   (no shield)
rNeg    . . .      Spirit   .   c - +0 leather armour
rPois   .          Reflect  .   (no helmet)
rElec   .          Harm     .   (no cloak)
rCorr   .          Rampage  .   (no gloves)
Will    .....                   (no boots)
Stlth   +.........              (no amulet)
HPRegen 0.06/turn               (no ring)
MPRegen 0.09/turn               (no ring)

@: no status effects
A: fangs 1, strong nose, distributed training
a: Renounce Religion


You were on level 1 of the Dungeon.
You worshipped Xom.
You were a toy of Xom.
You visited 1 branch of the dungeon, and saw 1 of its levels.


Innate Abilities, Weirdness & Mutations

You have very sharp teeth.
Your uncanny sense of smell can sniff out nearby items.
Your experience applies equally to all skills.


   Skills:
 + Level 4.4 Fighting
 + Level 0.0 Short Blades
 + Level 0.0 Long Blades
 + Level 4.4 Axes
 + Level 0.0 Maces & Flails
 + Level 0.0 Polearms
 + Level 0.0 Staves
 + Level 0.0 Slings
 + Level 0.0 Bows
 + Level 0.0 Crossbows
 + Level 2.3 Throwing
 + Level 2.3 Armour
 + Level 0.0 Dodging
 + Level 0.0 Stealth
 + Level 0.0 Shields
 + Level 0.0 Unarmed Combat
 + Level 2.6 Spellcasting
 + Level 0.0 Conjurations
 + Level 0.0 Hexes
 + Level 0.0 Summonings
 + Level 5.3 Necromancy
 + Level 0.0 Translocations
 + Level 0.0 Transmutations
 + Level 0.0 Fire Magic
 + Level 0.0 Ice Magic
 + Level 0.0 Air Magic
 + Level 0.0 Earth Magic
 + Level 0.0 Poison Magic
 + Level 0.1 Invocations
 + Level 0.0 Evocations


You had 3 spell levels left.
You knew the following spells:

 Your Spells              Type           Power      Damage    Failure   Level
z - Pain                  Necr           52%        1d6       3%          1
Z - Animate Skeleton      Necr           26%        N/A       3%          1

Your spell library contained the following spells:

 Spells                   Type           Power      Damage    Failure   Level
 Gell's Gravitas          Tloc           1%         N/A       69%         3
 Lesser Beckoning         Tloc           1%         N/A       69%         3
 Teleport Other           Tloc           1%         N/A       69%         3
 Anguish                  Hex/Necr       3%         N/A       73%         4

Inventory:

Hand Weapons
 a - a +1 hand axe (weapon)
Armour
 c - a +0 leather armour (worn)
Scrolls
 b - 4 scrolls of vulnerability {!r}
 d - a scroll of silence {unknown}

Dungeon Overview and Level Annotations

Branches:
Dungeon (1/15)

Altars:
Xom

▒.▒ ▒.▒ ▒.▒ ▒.▒
▒.▒ ..▒▒▒▒▒▒▒▒▒
..........▒
.........▒▒▒▒▒▒▒▒▒
...........÷...÷g▒
.................▒
.........8.(....÷▒
...........÷÷....▒
.........8÷.....÷▒
▒▒▒▒▒▒▒▒▒.8.8...▒▒
▒.▒▒▒..▒▒ ▒.. ...▒
▒.▒▒▒▒▒▒


There were no monsters in sight!


Message History

The endoplasm barely misses you.
You slash the endoplasm!
You kill the endoplasm!
No target in view!
No target in view!
You start resting.
Magic restored.
HP restored.
Found a scroll labelled NAIMOI OBIM and a human skeleton.
A rat comes into view.
Found two human skeletons and 14 stones.
A rat is nearby!
The rat writhes in agony.
You kill the rat!
You start resting.
HP restored.
Magic restored.
Found a human skeleton.
Found a human skeleton.
Found two human skeletons.
Found a faded altar of an unknown god.
d - a scroll labelled NAIMOI OBIM
There is a faded altar of an unknown god here.
You cannot tell which god this altar belongs to.
Convert to them anyway?
Xom accepts your prayer! Xom welcomes you!
Xom is fascinated!
Unknown command.
Press < or > to pray at altars.
Are you sure you want to abandon this character and quit the game? (Confirm with "yes".)

Action                   || total
-------------------------++-------
Melee: Hand axe          ||     3
 Cast: Pain              ||     4
Dodge: Dodged            ||     1

Levels and vault maps discovered:
D:1:      lightli_arrival_boilingwater, layout_basic,
          shapermc_ecumenical_altar_pompeii

Notes
Turn   | Place    | Note
-------+----------+-------------------------------------------
     0 | D:1      | sanka the Gnoll Wanderer began the quest for the Orb.
     0 | D:1      | sanka set off with the following items: a +1 hand axe, a
                  | scroll of vulnerability {!r}, a +0 leather armour; and the
                  | following spells available to memorise: Animate Skeleton,
                  | Pain, Anguish
     0 | D:1      | Reached XP level 1. HP: 20/20 MP: 4/4
    41 | D:1      | Learned a level 1 spell: Pain
    43 | D:1      | Learned a level 1 spell: Animate Skeleton
   121 | D:1      | Found a faded altar of an unknown god.
   130 | D:1      | Prayed at the altar of an unknown god.
   130 | D:1      | Became a worshipper of Xom of Chaos
   131 | D:1      | Quit the game

Vanquished Creatures
  An endoplasm (D:1)
  2 rats (D:1)
3 creatures vanquished.
